 Dungeon Crawl Stone Soup version 0.31-a0-185-g9dded2c639 (webtiles) character file.

Game seed: 1711482531421450748

1138 qw the Skirmisher (level 8, -9/44 HPs)
             Began as a Deep Elf Hunter on June 22, 2023.
             Was a Follower of Okawaru.
             Mangled by a two-headed ogre
             ... wielding a +0 giant club
              (22 damage)
             ... on level 5 of the Dungeon.
             The game lasted 00:01:51 (3988 turns).

qw the Skirmisher (Deep Elf Hunter)                 Turns: 3988, Time: 00:01:52

Health: -9/44      AC: 10    Str: 16    XL:     8   Next: 14%
Magic:  12/13      EV: 15    Int: 15    God:    Okawaru [*.....]
Gold:   258        SH:  0    Dex: 18    Spells: 7/7 levels left

rFire   . . .        g - +3 sling "Cakogewe" {flame, Will+}
rCold   . . .        (no shield)
rNeg    . . .        h - +0 ring mail
rPois   .            a - +0 helmet
rElec   .            (no cloak)
rCorr   .            f - +0 pair of gloves
SInv    .            b - +0 pair of boots
Will    ++...        (no amulet)
Stlth   +++          d - ring of willpower
HPRegen 0.27/turn    n - +6 ring of strength
MPRegen 0.13/turn

%: no passive effects
@: heroic
A: no striking features
a: Renounce Religion, Heroism


You were on level 5 of the Dungeon.
You worshipped Okawaru.
Okawaru was aware of your devotion.
You visited 1 branch of the dungeon, and saw 5 of its levels.

You collected 258 gold pieces.


   Skills:
 - Level 2.0(7.0) Fighting
 - Level 11.8(16.8) Ranged Weapons
 - Level 1.1(6.1) Armour
 + Level 3.8(8.8) Dodging
 - Level 1.2(6.2) Stealth
 - Level 4.0 Invocations


You had 7 spell levels left.
You didn't know any spells.
Your spell library was empty.

Inventory:

Hand Weapons
 c - a +2 shortbow
 g - the +3 sling "Cakogewe" (weapon) {flame, Will+}
   (You found it on level 3 of the Dungeon)

   Will:      It increases your willpower.
Armour
 a - a +0 helmet (worn)
 b - a +0 pair of boots (worn)
 f - a +0 pair of gloves (worn)
 h - a +0 ring mail (worn)
Jewellery
 d - a ring of willpower (left hand)
 j - a ring of ice
 n - a +6 ring of strength (right hand)
 o - a +6 ring of intelligence
Scrolls
 e - 4 scrolls of identify
 l - a scroll of blinking {unknown}
Potions
 i - 2 potions of curing
 k - a potion of heal wounds
 m - 2 potions of haste

Dungeon Overview and Level Annotations

Branches:
Dungeon (5/15)             Temple (0/1) D:5

Altars:
Elyvilon
Fedhas
Gozag
Hepliaklqana
Kikubaaqudgha
Okawaru
Sif Muna
Trog
Uskayaw
Wu Jian
Xom
Yredelemnul
Zin


Message History

The two-headed ogre is heavily wounded.
The two-headed ogre closely misses you.
The two-headed ogre hits you with a +0 giant club!
You shoot a sling bullet.
The sling bullet hits the two-headed ogre but does no damage.
The two-headed ogre is heavily wounded.
You shoot a sling bullet.
The sling bullet hits the two-headed ogre.
The sling bullet burns the two-headed ogre.
The two-headed ogre is heavily wounded.
The two-headed ogre closely misses you.
The two-headed ogre hits you with a +0 giant club!
You shoot a sling bullet.
The sling bullet hits the two-headed ogre!
The sling bullet burns the two-headed ogre.
The two-headed ogre is severely wounded.
You shoot a sling bullet.
The sling bullet hits the two-headed ogre!
The sling bullet burns the two-headed ogre.
The two-headed ogre is almost dead.
The two-headed ogre completely misses you.
The two-headed ogre hits you with a +0 giant club!
You shoot a sling bullet.
The sling bullet hits the two-headed ogre.
The sling bullet burns the two-headed ogre.
The two-headed ogre is almost dead.
You shoot a sling bullet.
The sling bullet hits the two-headed ogre but does no damage.
The two-headed ogre is almost dead.
The two-headed ogre barely misses you.
The two-headed ogre hits you but does no damage.
You shoot a sling bullet.
The sling bullet barely misses the two-headed ogre.
You shoot a sling bullet.
The sling bullet hits the two-headed ogre.
The sling bullet burns the two-headed ogre.
The two-headed ogre is almost dead.
The two-headed ogre hits you with a +0 giant club!!
Ouch! That really hurt!
You die...

#..)...# #.#.##.#
#.#.##.# # #.##.# #
#.#.##.# ## #
#......####### |. #
###..>.....#.##o#.._
###
########..#Oos....
#.. #.#@# #.# #...#
#.# ##### ##.# #...
###... #.<... #.#...
#..... #.....


You could see a two-headed ogre, a scorpion and 2 orcs.

Vanquished Creatures
  Pikel (D:5)
  A phantom (D:5)
  A lemure (D:5)
  2 scorpions (D:4)
  3 jellies
  2 hounds (D:5)
  2 orc priests (D:4)
  An iguana (D:4)
  2 orc wizards (D:4)
  Robin (D:2)
  2 gnolls
  4 adders
  2 white imps
  3 ufetubi
  A worm (D:2)
  3 dart slugs
  8 orcs
  2 ball pythons
  9 bats
  8 endoplasms
  2 giant cockroaches
  14 goblins
  5 hobgoblins
  14 jackals
  4 quokkas
  2 frilled lizards
  8 kobolds
  4 rats
111 creatures vanquished.

Notes
Turn   | Place    | Note
-------+----------+-------------------------------------------
     0 | D:1      | qw the Deep Elf Hunter began the quest for the Orb.
     0 | D:1      | Reached XP level 1. HP: 12/12 MP: 3/3
     0 | D:1      | 0 ||| qw: Version: 0.3-a-9-g12657ce
     0 | D:1      | 0 ||| qw: Game counter: 1876
     0 | D:1      | 0 ||| qw: Always use a shield: true
     0 | D:1      | 0 ||| qw: God list: Okawaru
     0 | D:1      | 0 ||| qw: Allow faded altars: false
     0 | D:1      | 0 ||| qw: Do Orc after D:15 true
     0 | D:1      | 0 ||| qw: Do second Lair branch before Depths: true
     0 | D:1      | 0 ||| qw: Lair rune preference: random
     0 | D:1      | 0 ||| qw: Plans: Normal
     0 | D:1      | 0 ||| PLANNING D:1-11
   169 | D:1      | 169 ||| FLEEEEING.
   170 | D:1      | 170 ||| FLEEEEING.
   171 | D:1      | 171 ||| FLEEEEING.
   231 | D:1      | Reached XP level 2. HP: 16/16 MP: 4/4
   235 | D:1      | Reached skill level 6 in Ranged Weapons
   401 | D:1      | Reached XP level 3. HP: 20/20 MP: 5/5
   662 | D:1      | 662 ||| UPGRADING to +0 pair of gloves.
   667 | D:1      | 667 ||| UPGRADING to +0 ring mail.
   677 | D:1      | 677 ||| DROPPING +0 leather armour.
   678 | D:1      | 678 ||| READING 3 scrolls labelled CIOTZA QIGAPO.
   682 | D:1      | 682 ||| READING 2 scrolls labelled LESTAMM ANNUACK.
   683 | D:1      | 683 ||| READING scroll labelled XOIR HIXZYEK.
   684 | D:1      | 684 ||| DRINKING 2 bubbling blue potions.
   685 | D:1      | 685 ||| DROPPING scroll of butterflies.
   854 | D:2      | Reached skill level 7 in Ranged Weapons
   870 | D:2      | Found an iron altar of Okawaru.
   871 | D:2      | 871 ||| PLANNING OKAWARU WORSHIP
   871 | D:2      | 871 ||| UPGRADING to +0 pair of boots.
   881 | D:2      | Became a worshipper of Warmaster Okawaru
   882 | D:2      | 882 ||| PLANNING D:1-11
   963 | D:2      | Noticed Robin
   971 | D:2      | HP: 5/20 [goblin/+0 club[Robin] (4)]
   972 | D:2      | 972 ||| READING 2 scrolls of teleportation.
   973 | D:2      | 973 ||| DRINKING potion of heal wounds.
  1026 | D:2      | Reached XP level 4. HP: 25/25 MP: 6/6
  1034 | D:2      | HP: 6/25 [dart slug (1)]
  1035 | D:2      | 1035 ||| READING scroll of teleportation.
  1038 | D:2      | Killed Robin
  1094 | D:2      | 1094 ||| FLEEEEING.
  1095 | D:2      | 1095 ||| FLEEEEING.
  1096 | D:2      | 1096 ||| FLEEEEING.
  1097 | D:2      | 1097 ||| FLEEEEING.
  1672 | D:2      | 1672 ||| UPGRADING to +0 helmet.
  1677 | D:2      | 1677 ||| UPGRADING to ring of willpower.
  1678 | D:2      | 1678 ||| READING scroll labelled CIYR ZOTHRENE.
  1679 | D:2      | 1679 ||| READING 2 scrolls labelled WAOWNUWODOR.
  1680 | D:2      | 1680 ||| READING scroll of enchant weapon.
  1680 | D:2      | 1680 ||| ENCHANTING +1 shortbow.
  1681 | D:2      | 1681 ||| READING 2 scrolls of identify.
  1681 | D:2      | 1681 ||| IDENTIFYING pink potion
  1683 | D:2      | 1683 ||| Stepping ~*~*~tactically~*~*~ (cloud).
  1862 | D:3      | Identified the +3 sling "Cakogewe" {flame, Will+}
  1864 | D:3      | 1864 ||| SWAPPING to +3 sling "Cakogewe" {flame, Will+}.
  1894 | D:3      | Reached skill level 8 in Ranged Weapons
  1915 | D:3      | Found an ancient bone altar of Kikubaaqudgha.
  1974 | D:3      | Found an ornate altar of the Wu Jian Council.
  2039 | D:3      | Identified the +2 robe of the Eagle {Int+5}
  2056 | D:3      | Found a white marble altar of Elyvilon.
  2125 | D:3      | Found a hazy altar of Hepliaklqana.
  2125 | D:3      | Found a basalt altar of Yredelemnul.
  2232 | D:3      | Found a glowing silver altar of Zin.
  2243 | D:3      | Found a blossoming altar of Fedhas.
  2304 | D:3      | Reached skill level 1 in Armour
  2386 | D:3      | Reached XP level 5. HP: 29/29 MP: 7/7
  2386 | D:3      | Found a shimmering blue altar of Sif Muna.
  2400 | D:3      | Found a bloodstained altar of Trog.
  2461 | D:3      | 2461 ||| DROPPING +2 robe of the Eagle {Int+5}.
  2462 | D:3      | 2462 ||| UPGRADING to +6 ring of strength.
  2463 | D:3      | 2463 ||| READING scroll labelled MUUZAT MAMUI.
  2464 | D:3      | 2464 ||| READING scroll labelled IPOLET WIRY.
  2465 | D:3      | 2465 ||| DRINKING 3 lumpy puce potions.
  2489 | D:4      | 2489 ||| PLANNING OSSUARY
  2516 | D:4      | Reached skill level 9 in Ranged Weapons
  2516 | D:4      | Reached XP level 6. HP: 18/34 MP: 8/8
  2543 | D:4      | 2543 ||| FLEEEEING.
  2544 | D:4      | 2544 ||| FLEEEEING.
  2547 | D:4      | 2547 ||| STAIRDANCE
  2609 | D:4      | Reached * piety under Okawaru
  2610 | D:4      | 2610 ||| INVOKING Heroism.
  2615 | D:4      | Reached skill level 3 in Dodging
  3112 | D:4      | Reached skill level 10 in Ranged Weapons
  3151 | D:4      | 3151 ||| INVOKING Heroism.
  3232 | D:4      | 3232 ||| RIP OSSUARY
  3240 | D:4      | 3240 ||| PLANNING D:1-11
  3276 | D:4      | 3276 ||| INVOKING Heroism.
  3449 | D:4      | 3449 ||| READING scroll labelled INAGGO VECI.
  3483 | D:5      | Entered Level 5 of the Dungeon
  3486 | D:5      | Reached XP level 7. HP: 40/40 MP: 9/9
  3546 | D:5      | Identified the +6 mace "Echegu" {flame, rCorr Str+3 Int+4}
  3605 | D:5      | Found a staircase to the Ecumenical Temple.
  3618 | D:5      | Reached skill level 1 in Invocations
  3621 | D:5      | Noticed Pikel
  3622 | D:5      | 3622 ||| INVOKING Heroism.
  3637 | D:5      | Killed Pikel
  3638 | D:5      | Reached skill level 11 in Ranged Weapons
  3638 | D:5      | Reached XP level 8. HP: 21/44 MP: 8/13
  3723 | D:5      | Found a hide-covered altar of Uskayaw.
  3725 | D:5      | Noticed a +0 hand axe
  3727 | D:5      | Noticed a +0 hand axe
  3791 | D:5      | Found an opulent altar of Gozag.
  3810 | D:5      | 3810 ||| INVOKING Heroism.
  3973 | D:5      | Found a shimmering altar of Xom.
  3973 | D:5      | Noticed a two-headed ogre
  3975 | D:5      | 3975 ||| INVOKING Heroism.
  3988 | D:5      | Mangled by a two-headed ogre

Levels and vault maps discovered:
D:1:      minmay_arrival_jagged, layout_basic, minivault_5
D:2:      layout_basic, basic_altar, uniq_robin
D:3:      layout_rooms, nzn_overflow_gifts_of_might_and_magic,
          mainiacjoe_overflow_boulevard,
          mainiacjoe_overflow_concentric_impassable, elyvilon_altar_1,
          amcnicky_altar_gilded, zin_statuary,
          gammafunk_temple_overflow_elements, dreamdust_princess_bridge
D:4:      layout_basic, enter_ossuary_1, hangedman_abyss_or_decor_stagger
D:5:      layout_loops_cross, grunt_gozag_breadcrumbs,
          mainiacjoe_overflow_alcove_4, dancing_weapons_uskayaw,
          minmay_temple_entry_hall, hangedman_feature_mirror, uniq_pikel

Skill      XL: |  1  2  3  4  5  6  7 |
---------------+----------------------+-----
Ranged Weapons | 6 7 8 9 10 11 | 11.8
Armour         | 1 |  1.1
Fighting       | 2 |  2.0
Dodging        | 3 |  3.8
Invocations    | 4 |  4.0
Stealth        | |  1.2

Action                     |  1- 3 |  4- 6 |  7- 9 || total
---------------------------+-------+-------+-------++-------
   Fire: Shortbow          |   112 |    39 |       ||   151
         Sling             |       |   146 |    69 ||   215
 Invoke: Heroism           |       |     3 |     3 ||     6
    Use: Scroll            |     4 |     8 |       ||    12
         Potion            |     2 |     1 |       ||     3
 Armour: Leather armour    |    10 |       |       ||    10
         Ring mail         |    17 |    28 |    10 ||    55
  Dodge: Dodged            |    42 |    54 |    11 ||   107

Table legend:
 A = Non-vault XP
 B = Vault XP
 C = Vault XP percentage of total XP
 D = Non-vault monster count
 E = Vault monster count
 F = Vault count percentage of total count
                 A         B        C        D         E       F
            +---------+---------+-------+---------+---------+-------
      Total |     924 |     703 |  43.2 |      95 |      15 |  13.6
            +---------+---------+-------+---------+---------+-------
        D:1 |      53 |       0 |   0.0 |      23 |       0 |   0.0
        D:2 |      55 |      37 |  40.2 |      16 |      12 |  42.9
        D:3 |      45 |      25 |  35.7 |      16 |       2 |  11.1
        D:4 |     513 |       0 |   0.0 |      31 |       0 |   0.0
        D:5 |     258 |     641 |  71.3 |       9 |       1 |  10.0
            +---------+---------+-------+---------+---------+-------
